 Dungeon Crawl Stone Soup version 0.30-a0-1035-g38d5fb2972 (webtiles) character file.

Game seed: 15814406519312566648

88 puppykicker the Shooter (level 4, -8/32 HPs)
             Began as a Mummy Hexslinger on Apr 8, 2023.
             Killed from afar by Robin (12 damage)
             ... with a bolt of dispelling energy
             ... on level 2 of the Dungeon.
             The game lasted 00:04:31 (1600 turns).

puppykicker the Shooter (Mummy Hexslinger)          Turns: 1600, Time: 00:04:32

Health: -8/32      AC:  2    Str: 19    XL:     4   Next: 30%
Magic:  7/7        EV: 12    Int: 14    God:
Gold:   37         SH:  0    Dex: 12    Spells: 6/7 levels left

rFire   x . .      SeeInvis .    a - +1 sling
rCold   + . .      Faith    +    (no shield)
rNeg    + + +      Spirit   .    c - +0 robe
rPois   ∞          Reflect  .    (no helmet)
rElec   .          Rampage  .    (no cloak)
rCorr   .                        (no gloves)
Will    .....                    (no boots)
Stlth   +                        d - amulet of magic regeneration
HPRegen 0.25/turn                g - +6 ring of strength
MPRegen 0.50/turn                (no ring)

@: no status effects
A: cold resistance 1, negative energy resistance 3, torment resistance 2, heat
vulnerability 1, in touch with death 1, no potions, faith
a: no special abilities


You were on level 2 of the Dungeon.
You visited 1 branch of the dungeon, and saw 2 of its levels.

You collected 37 gold pieces.

Inventory:

Hand Weapons
 a - a +1 sling (weapon)
Armour
 c - a +0 robe (worn)
Jewellery
 d - an amulet of magic regeneration (around neck)
 g - a +6 ring of strength (left hand)
Scrolls
 b - a scroll of poison
 f - a scroll of amnesia
 i - a scroll of identify


   Skills:
 - Level 1.0 Fighting
 + Level 3.4 Ranged Weapons
 - Level 1.5 Dodging
 - Level 2.0 Spellcasting
 - Level 3.0 Hexes


You had 6 spell levels left.
You knew the following spells:

 Your Spells              Type           Power      Damage    Failure   Level
s - Slow                  Hex            36%        N/A       7%          1

Your spell library contained the following spells:

 Spells                   Type           Power      Damage    Failure   Level
 Inner Flame              Hex/Fire       5%         N/A       36%         3
 Portal Projectile        Hex/Tloc       10%        N/A       36%         3
 Ozocubu's Armour         Ice            1%         N/A       56%         3
 Cause Fear               Hex            4%         N/A       56%         4
 Ozocubu's Refrigeration  Ice            0%         4d7       100%        7


Dungeon Overview and Level Annotations

Branches:
Dungeon (2/15)

Altars:

Annotations:
D:2 Robin, Terence


Innate Abilities, Weirdness & Mutations

You are immune to poison.
Your flesh is cold resistant. (rC+)
You are immune to negative energy. (rN+++)
You are immune to unholy pain and torment.
You are vulnerable to heat. (rF-)
You are in touch with the powers of death.
You do not drink.
You have a special connection with the divine. (Faith)


Message History

Ouch! That really hurt!
* * * LOW HITPOINT WARNING * * *
A goblin comes into view. It is wielding a +0 club. x2
A goblin comes into view.
It is wielding a +1 dagger of holy wrath.
The goblin hits you with a +0 dagger.
* * * LOW HITPOINT WARNING * * *
You take 20 damage, and have 10/32 hp.
MASSIVE DAMAGE!!
Robin throws the goblin at you!
* * * LOW HITPOINT WARNING * * *
The goblin barely misses you.
You take 1 damage, and have 9/32 hp.
Unknown command.
Robin says, "My goblins will feast on your bones."
Robin zaps a wand.
The bolt of dispelling energy hits the goblin!!
The goblin dies!
The bolt of dispelling energy misses you.
The goblin completely misses you. The goblin hits you with a +0 club.
* * * LOW HITPOINT WARNING * * *
You take 2 damage, and have 7/32 hp.
Unknown command.
Robin roars a battlecry!
The goblins go into a battle-frenzy!
The goblin hits you but does no damage.
Unknown command.
You can't drink.
Unknown command.
As you read the scroll labelled XIGEETYKOE, it crumbles to dust.
It is a scroll of identify.
f - a scroll of amnesia;
i - a scroll of identify The goblin hits you with a +0 club.
* * * LOW HITPOINT WARNING * * *
You take 5 damage, and have 3/32 hp.
Robin zaps a wand.
The bolt of dispelling energy hits the goblin!
The goblin dies!
The bolt of dispelling energy hits you!
You die...

...##............#####
...##............#
...##............#
...##....##.....##
...##.....#.....#
....#.....#.....#
...............#####
..........g........##
...........)....@...#
.........g#..gg.....#
.......)..#.........#
.......g..###.###.###
....#.....###.###.#
....gg........#...#
...g..........#.###
.....g............#
...............##.#


You could see Robin, a hobgoblin (strong) and 2 goblins.

Levels and vault maps discovered:
D:1:      ldierk_walled_garden, layout_loops_ring,
          hellmonk_ecumenical_altar_watching_god, kennysheep_small_spiral
D:2:      layout_basic, uniq_robin, uniq_terence

Notes
Turn   | Place    | Note
-------+----------+-------------------------------------------
     0 | D:1      | puppykicker the Mummy Hexslinger began the quest for the
                  | Orb.
     0 | D:1      | Reached XP level 1. HP: 15/15 MP: 2/2
    68 | D:1      | Reached skill level 2 in Ranged Weapons
   102 | D:1      | Identified an amulet of magic regeneration
   124 | D:1      | Reached XP level 2. HP: 21/21 MP: 4/4
   271 | D:1      | Identified a +0 dagger
   524 | D:1      | Identified a +0 club
   542 | D:1      | Identified a +0 dagger
   545 | D:1      | Identified a +0 short sword
   610 | D:1      | Gained mutation: You are in touch with the powers of death.
                  | [Mummy growth]
   610 | D:1      | Reached XP level 3. HP: 23/26 MP: 5/5
   668 | D:1      | Found a faded altar of an unknown god.
   668 | D:1      | Noticed a golden eye
   676 | D:1      | Noticed a great orb of eyes
   682 | D:1      | Identified a +0 whip
   683 | D:1      | Noticed an eye of devastation
   683 | D:1      | Noticed a great orb of eyes
   691 | D:1      | HP: 5/26 [kobold/+0 whip (5)]
  1013 | D:2      | Reached skill level 3 in Ranged Weapons
  1056 | D:2      | Identified a +0 flail of protection
  1056 | D:2      | Identified a +0 scale mail
  1056 | D:2      | Noticed Terence
  1182 | D:2      | Identified a +0 club
  1183 | D:2      | Identified a +0 dagger
  1282 | D:2      | Identified a +0 dagger
  1289 | D:2      | Reached skill level 2 in Spellcasting
  1336 | D:2      | Reached skill level 3 in Hexes
  1391 | D:2      | Reached XP level 4. HP: 25/32 MP: 7/7
  1392 | D:2      | Identified a +6 ring of strength
  1583 | D:2      | Identified a +0 dagger
  1584 | D:2      | Identified a +0 dagger
  1587 | D:2      | Identified a +0 dagger
  1587 | D:2      | Identified a +0 spear
  1587 | D:2      | Identified a +0 animal skin
  1587 | D:2      | Identified a +0 helmet
  1587 | D:2      | Noticed Robin
  1588 | D:2      | Identified a +0 club
  1589 | D:2      | Identified a +0 club
  1589 | D:2      | Identified a +0 club
  1589 | D:2      | Identified a +1 dagger of holy wrath
  1592 | D:2      | HP: 7/32 [goblin/+0 club[Robin] (2)]
  1595 | D:2      | Identified 2 scrolls of identify
  1595 | D:2      | Identified a scroll of amnesia
  1595 | D:2      | HP: 3/32 [goblin/+0 club[Robin] (5)]
  1600 | D:2      | Killed from afar by Robin

Table legend: (Time is in decaauts)
 A = Elapsed time spent in this place.
 B = Non-inter-level travel time spent in this place.
 C = Inter-level travel time spent in this place.
 D = Time resting spent in this place.
 E = Time spent auto-exploring this place.
 F = Levels seen in this place.
 G = Mean time per level.
                   A        B        C        D        E       F      G
               +--------+--------+--------+--------+--------+-----+--------+
         Total |   1646 |   1584 |     62 |    280 |    986 |   2 |  823.0 |
       Dungeon |   1646 |   1584 |     62 |    280 |    986 |   2 |  823.0 |
               +--------+--------+--------+--------+--------+-----+--------+

Top non-repeatable levels by time:
     D:1: 1076 daAuts
     D:2: 570 daAuts

Table legend:
 A = Kills in this place as a percentage of kills in the entire game.
 B = Kills by you in this place as a percentage of kills by you in the entire game.
 C = Kills by friends in this place as a percentage of kills by friends in the entire game.
 D = Other kills in this place as a percentage of other kills in the entire game.
 E = Experience gained in this place as a percentage of experience gained in the entire game.
 F = Experience gained in this place divided by the number of levels of this place that you have seen.
                   A       B       C       D       E      F
               +-------+-------+-------+-------+-------+----------------------
         Total | 100.0 | 100.0 |   N/A | 100.0 | 100.0 |  63.5
       Dungeon | 100.0 | 100.0 |   N/A | 100.0 | 100.0 |  63.5
               +-------+-------+-------+-------+-------+----------------------

Skill      XL: |  1  2  3 |
---------------+----------+-----
Ranged Weapons | 2 3 |  3.4
Spellcasting   | 2 |  2.0
Hexes          | 3 |  3.0
Fighting       | |  1.0
Dodging        | |  1.5

Action                     |  1- 3 |  4- 6 || total
---------------------------+-------+-------++-------
   Fire: Sling             |   148 |    23 ||   171
    Use: Scroll            |       |     1 ||     1
 Armour: Robe              |    15 |     1 ||    16
  Dodge: Dodged            |    63 |     9 ||    72

Vanquished Creatures
  3 adders (D:2)
  3 worms (D:2)
  2 dart slugs (D:1)
  8 ball pythons
  An endoplasm (D:2)
  A giant cockroach (D:1)
  3 goblins
  2 hobgoblins (D:1)
  8 jackals (D:1)
  A quokka (D:1)
  3 bats
  A frilled lizard (D:1)
  5 kobolds
  5 rats (D:1)
46 creatures vanquished.

Vanquished Creatures (others)
  3 goblins (D:2)
  5 toadstools (D:1)
8 creatures vanquished.

Grand Total: 54 creatures vanquished
